AoeStats
← SlightlySaltedCamelCrisps

African Clearing

504815457Analyzed
3v3 RM · 27d ago on Sep 6, 2026· 55m 59s· 6 players
Game mode
Random Map
Map size
Normal (6 player)
Population
200
Speed
Normal
Resources
Standard
Victory
Conquest
Starting age
Dark Age
Ending age
Imperial Age
RankedLock teamsTeams togetherTeam positionsShared explorationLock speedFull tech treeHidden civsTurbo modeCheats
Victory
Defeat
1459
+8
🇦🇷 Huns · Argentina
1318
+14
🇦🇷 Saracens · Argentina
1170
+20
🇩🇪 Spanish · Germany
1314
-16
🇩🇪 Vietnamese · Germany
1238
-13
1238
-13
eastemnet
8:10 Loom
12:39 Feudal Age
17:27 Castle Age
23:41 Double-Bit Axe
29:52 Sanctity
31:27 Wheelbarrow
31:37 Town Watch
33:01 Fletching
36:02 Bodkin Arrow
36:10 Padded Archer Armor
36:24 Horse Collar
38:24 Leather Archer Armor
39:39 Bodkin Arrow
40:50 Bloodlines
43:01 Redemption
44:13 Ballistics
44:34 Guard Tower
jimima
7:07 Loom
14:59 Feudal Age
18:51 Castle Age
18:16 Fletching
18:14 Double-Bit Axe
21:21 Horse Collar
27:10 Padded Archer Armor
29:19 Bodkin Arrow
31:03 Wheelbarrow
32:28 Ballistics
33:08 Hand Cart
32:39 Town Watch
36:14 Town Patrol
39:54 Imperial Age
38:04 Leather Archer Armor
38:34 Forging
38:25 Scale Mail Armor
38:41 Heavy Plow
38:58 Bow Saw
38:45 Pikeman
39:26 Squires
40:53 Bracer
42:11 Chemistry
41:08 Murder Holes
42:38 Ring Archer Armor
42:17 Thumb Ring
41:57 Halberdier
43:15 Iron Casting
43:08 Chain Mail Armor
44:05 Paper Money
45:30 Siege Engineers
45:05 Treadmill Crane
46:34 Plate Mail Armor
48:51 Crop Rotation
49:24 Two-Man Saw
49:29 Arson
53:18 Elite Fire Lancer
SlightlySaltedCamelCrisps
10:00 Loom
13:13 Feudal Age
14:42 Town Watch
17:24 Castle Age
15:27 Double-Bit Axe
17:12 Bloodlines
16:44 Horse Collar
23:49 Bow Saw
24:27 Husbandry
26:30 Wheelbarrow
27:57 Heavy Plow
28:40 Scale Barding Armor
28:58 Gold Mining
30:04 Stone Mining
32:11 Chain Barding Armor
32:30 Forging
32:28 Fletching
35:04 Hand Cart
36:28 Bodkin Arrow
43:13 Imperial Age
41:09 Padded Archer Armor
42:06 Kasbah
43:13 Ballistics
43:11 Leather Archer Armor
44:17 Conscription
44:03 Bracer
44:50 Ring Archer Armor
43:53 Heavy Camel Rider
46:51 Plate Barding Armor
46:26 Elite Camel Archer
47:07 Maghrebi Camels
48:55 Iron Casting
49:32 Chemistry
49:03 Thumb Ring
49:41 Hoardings
49:24 Masonry
55:19 Light Cavalry
menos que Corky
12:26 Feudal Age
12:21 Loom
21:31 Castle Age
24:43 Scale Barding Armor
27:16 Chain Barding Armor
27:10 Horse Collar
28:56 Double-Bit Axe
32:32 Fletching
35:26 Bodkin Arrow
36:58 Padded Archer Armor
41:45 Leather Archer Armor
49:50 Imperial Age
47:56 Wheelbarrow
49:57 Forging
49:54 Cavalier
50:50 Bloodlines
51:18 Plate Barding Armor
51:19 Iron Casting
51:05 Paladin
52:44 Heavy Plow
54:45 Blast Furnace
Gorri
6:07 Loom
15:14 Feudal Age
15:26 Feudal Age
20:01 Castle Age
20:14 Double-Bit Axe
20:14 Horse Collar
22:05 Scale Barding Armor
30:11 Wheelbarrow
29:21 Town Watch
30:09 Bow Saw
32:44 Hand Cart
34:17 Chain Barding Armor
34:29 Bloodlines
34:22 Husbandry
36:04 Forging
37:03 Gold Mining
37:05 Stone Mining
40:51 Imperial Age
41:07 Padded Archer Armor
40:58 Fletching
41:27 Elite Skirmisher
42:56 Conscription
43:55 Gold Shaft Mining
46:10 Chemistry
45:34 Ballistics
45:25 Masonry
45:46 Leather Archer Armor
45:22 Fletching
46:27 Elite Mameluke
49:11 Two-Man Saw
48:24 Light Cavalry
51:16 Hussar
53:15 Plate Barding Armor
53:19 Iron Casting
54:16 Ring Archer Armor
53:41 Bodkin Arrow
54:25 Ring Archer Armor
54:54 Bracer
ME_DEPRIME_JUGAR_CON_USTEDES
3:47 Loom
12:56 Feudal Age
13:55 Double-Bit Axe
16:20 Forging
24:09 Castle Age
22:22 Scale Barding Armor
22:13 Gold Mining
23:22 Domestication
25:17 Chain Barding Armor
24:19 Light Cavalry
25:00 Husbandry
29:55 Iron Casting
30:48 Wheelbarrow
32:25 Pastoralism
33:51 Bow Saw
42:36 Imperial Age
42:46 Hussar
44:07 Plate Barding Armor
43:56 Conscription
44:19 Ordo Cavalry
44:13 Elite Steppe Lancer
44:50 Heavy Camel Rider
46:35 Hand Cart
46:05 Town Watch
49:03 Fletching
49:14 Padded Archer Armor
49:12 Elite Skirmisher
49:48 Bodkin Arrow
51:15 Leather Archer Armor
52:04 Chemistry
51:06 Bracer
51:20 Heavy Cavalry Archer
52:26 Parthian Tactics
52:33 Ring Archer Armor
54:09 Transhumance
54:41 Two-Man Saw
54:02 Capped Ram
Connection lost

Rejoining the realm…

Still unreachable

The connection could not be restored.

Session expired

The server has moved on; the page needs a fresh start.